 Dungeon Crawl Stone Soup version 0.17-a0-1403-g9df874c (webtiles) character file.

94 miau the Firebug (level 4, 0/33 HPs)
             Began as a Draconian Fire Elementalist on June 20, 2015.
             Killed from afar by Natasha (11 damage)
             ... with a magic dart
             ... on level 3 of the Dungeon.
             The game lasted 00:21:57 (3169 turns).

miau the Firebug (Draconian Fire Elementalist)      Turns: 3169, Time: 00:21:57

Health: 0/33       AC:  5    Str: 11      XL:     4   Next: 38%
Magic:  1/8        EV: 11    Int: 15      God:
Gold:   133        SH:  4    Dex: 11 (12) Spells: 3 memorised, 2 levels left

rFire  . . .     SeeInvis +     d - +0 whip (elec)
rCold  . . .     Clarity  .     (armour unavailable)
rNeg   . . .     SustAt   .     k - +1 buckler
rPois  .         Gourm    .     (helmet restricted)
rElec  .         Spirit   .     (no cloak)
rCorr  .         Warding  .     (no gloves)
rMut   .         Stasis   .     (no boots)
MR     .....                    (no amulet)
Stlth  +++.......               g - ring of see invisible
                                n - ring of stealth

@: very slightly contaminated, not resistant to hostile enchantments, fairly
stealthy
A: unfitting armour, cold-blooded, AC +5
a: no special abilities


You were on level 3 of the Dungeon.
You were not hungry.

You visited 1 branch of the dungeon, and saw 3 of its levels.

You collected 133 gold pieces.

Inventory:

Hand weapons
 d - a +0 whip of electrocution (weapon)
Missiles
 l - 7 tomahawks (quivered)
Armour
 k - a +1 buckler (worn)
Jewellery
 g - a ring of see invisible (right hand)
 n - a ring of stealth (left hand)
Scrolls
 e - a scroll of teleportation
Potions
 h - a potion of resistance
Books
 a - a book of Flames

   Spells                             Type                      Level
   a - Flame Tongue                   Conjuration/Fire             1
   b - Throw Flame                    Conjuration/Fire             2
   c - Conjure Flame                  Conjuration/Fire             3
   d - Inner Flame                    Hexes/Fire                   3
   e - Sticky Flame                   Conjuration/Fire             4
   f - Fireball                       Conjuration/Fire             5
Comestibles
 b - 3 bread rations
 c - 3 chunks of flesh
 f - a royal jelly
 j - a meat ration


   Skills:
 + Level 1.8 Dodging
 + Level 2.0 Stealth
 - Level 1.0 Unarmed Combat
 + Level 2.8 Spellcasting
 + Level 2.0 Conjurations
 + Level 3.9 Fire Magic


You had 2 spell levels left.
You knew the following spells:

 Your Spells              Type           Power        Failure   Level  Hunger
a - Throw Flame           Conj/Fire      ##....       17%         2    ##.....
c - Conjure Flame         Conj/Fire      ##......     34%         3    ###....
z - Flame Tongue          Conj/Fire      ##...        12%         1    #......


Dungeon Overview and Level Annotations

Branches:
Dungeon (3/15)

Altars:

Annotations:
D:3 Natasha


Innate Abilities, Weirdness & Mutations

Your plain brown scales are hard (AC +5).
Your body does not fit into most forms of armour.
You are cold-blooded and may be slowed by cold attacks.


Message History

Natasha is heavily wounded.
Natasha claws you but does no damage.
Your shield prevents you from hitting Natasha.
Natasha is heavily wounded.
You block Natasha's attack.
You closely miss Natasha.
Natasha is heavily wounded.
Natasha closely misses you.
You barely miss Natasha.
Natasha is heavily wounded.
Natasha closely misses you. Natasha barely misses you.
You closely miss Natasha.
Natasha is heavily wounded.
Natasha casts a spell at you. The magic dart hits you!
You closely miss Natasha.
Natasha is heavily wounded.
Natasha casts a spell at you. The magic dart hits you!
You die...

#. #.#.#
#...#.# # #.#
#.....# #.#
##....#
#.#.####....#
............#
.##[........#
######.#.##
.#######.#.#
......h@.#.#
##########.#
.#


You could see Natasha.

Vanquished Creatures
  Terence (D:2)
  An adder (D:3)
  2 worms
  A giant gecko (D:1)
  4 bats (D:1)
  5 giant cockroaches
  5 hobgoblins
  9 jackals
  4 kobolds
  2 quokkas (D:2)
  A ball python (D:2)
  7 goblins
  9 rats
51 creatures vanquished.

Notes
Turn   | Place    | Note
--------------------------------------------------------------
     0 | D:1      | miau the Draconian Fire Elementalist began the quest for the Orb.
     0 | D:1      | Reached XP level 1. HP: 14/14 MP: 3/3
   304 | D:1      | Reached XP level 2. HP: 20/20 MP: 3/5
  1259 | D:2      | Reached XP level 3. HP: 26/26 MP: 3/6
  1805 | D:2      | Noticed Terence
  1965 | D:1      | Learned a level 3 spell: Conjure Flame
  1968 | D:1      | Learned a level 2 spell: Throw Flame
  2760 | D:2      | Killed Terence
  2760 | D:2      | Reached skill level 1 in Unarmed Combat
  2760 | D:2      | Reached XP level 4. HP: 24/33 MP: 0/8
  3130 | D:3      | Noticed Natasha
  3169 | D:3      | Killed from afar by Natasha

Vault maps used:
D:1:      dpeg_arrival_water_temple_mockup
D:2:      uniq_terence
D:3:      serial_bayou_pond_b, uniq_natasha

Action                   |  1- 3 |  4- 6 || total
-------------------------+-------+-------++-------
Melee: Unarmed           |    34 |       ||    34
       Whip              |     3 |     6 ||     9
 Cast: Flame Tongue      |    62 |    12 ||    74
       Throw Flame       |    18 |     4 ||    22
  Use: Potion            |     2 |       ||     2
       Scroll            |     5 |       ||     5
  Eat: Chunk             |     6 |     2 ||     8
       Beef jerky        |     1 |       ||     1
